 Dungeon Crawl Stone Soup version 0.19.4-10-g532645f (webtiles) character file.

1362 Rrauwl the Cleaver (level 8, -1/65 HPs)
             Began as a Hill Orc Wanderer on Feb 24, 2017.
             Was an Initiate of Vehumet.
             Slain by an orc warrior
             ... wielding a +2 battleaxe of venom
              (8 damage)
             ... on level 6 of the Dungeon.
             The game lasted 00:27:17 (4952 turns).

Rrauwl the Cleaver (Hill Orc Wanderer)              Turns: 4952, Time: 00:27:17

Health: -1/65      AC: 13    Str: 15      XL:     8   Next: 64%
Magic:  9/9        EV: 11    Int: 11 (12) God:    Vehumet [......]
Gold:   358        SH:  0    Dex: 12      Spells: 0 memorised, 9 levels left

rFire  . . .     SeeInvis .     a - +2 hand axe
rCold  + . .     Gourm    .     i - +2 ring mail {rC+}
rNeg   . . .     Faith    .     (no shield)
rPois  .         Spirit   .     n - +0 helmet
rElec  .         Reflect  .     (no cloak)
rCorr  .         Harm     .     k - +2 pair of gloves
MR     +....                    (no boots)
Stlth  +.........               e - amulet of regeneration
                                (no ring)
                                (no ring)

@: no status effects
A: frail 1, magic resistance 1, MP-powered wands, sturdy frame 1
a: Renounce Religion


You were on level 6 of the Dungeon.
You worshipped Vehumet.
Vehumet was noncommittal.
You were not hungry.

You visited 2 branches of the dungeon, and saw 7 of its levels.

You collected 358 gold pieces.

Inventory:

Hand Weapons
 a - a +2 hand axe (weapon)
Missiles
 m - an exploding tomahawk (quivered)
Armour
 i - a +2 ring mail of cold resistance (worn)
 k - a +2 pair of gloves (worn)
 n - a +0 helmet (worn)
Jewellery
 e - an amulet of regeneration (around neck)
Scrolls
 b - a scroll of amnesia
 c - 3 scrolls of teleportation
 j - 2 scrolls of fog
 l - a scroll of immolation
 o - a scroll of fear
 u - a scroll of noise
Potions
 d - a potion of cure mutation
 p - 2 potions of lignification
 s - a potion of curing
Comestibles
 f - 4 bread rations
 g - 2 chunks of flesh


   Skills:
 - Level 7.0 Fighting
 + Level 8.3 Axes
 + Level 1.9 Throwing
 + Level 6.5 Armour
 - Level 2.0 Dodging
 - Level 1.0 Stealth
   Level 1.1 Shields
 + Level 1.0 Spellcasting


You had 9 spell levels left.
You didn't know any spells.

Dungeon Overview and Level Annotations

Branches:
Dungeon (6/15)             Temple (1/1) D:5

Altars:
Ashenzari
Cheibriados
Dithmenos
Elyvilon
Fedhas
Gozag
Hepliaklqana
Makhleb
Okawaru
Qazlal
Ru
Trog
Uskayaw
Vehumet
Xom
Yredelemnul
Zin
The Shining One


Innate Abilities, Weirdness & Mutations

You are frail. (-10% HP)
You are resistant to hostile enchantments. (MR+)
You expend magic power (3 MP) to strengthen your wands.
Your movements are slightly less encumbered by armour. (ER -2)


Message History

The orc warrior is severely wounded.
You feel very sick.
The orc warrior hits you with a battleaxe of venom!
* * * LOW HITPOINT WARNING * * *
You are more poisoned.
You feel better.
The orc warrior hits you with a battleaxe of venom!
* * * LOW HITPOINT WARNING * * *
You are lethally poisoned!
You feel better.
You hit the orc warrior.
The orc warrior is severely wounded.
The orc warrior closely misses you.
You hit the orc warrior but do no damage.
The orc warrior is severely wounded.
The orc warrior hits you with a battleaxe of venom!
* * * LOW HITPOINT WARNING * * *
You feel better.
The orc warrior hits you with a battleaxe of venom!
You die...

####### .......
###############
.......>......#
#############.#
# ##.## #
#...#######...
#
#....@ooor....
#
#...#####.....
# ##### ... # .
###.# ..#.#
#.#<# #.#.#


You could see an orc warrior, an orc wizard, an orc and a quokka.

Vanquished Creatures
  Grinder (D:3)
  A hungry ghost (D:6)
  A sky beast (D:5)
  3 ogres
  A crimson imp (D:5)
  A bullfrog skeleton (D:5)
  A centaur skeleton (D:6)
  A gnoll shaman (D:4)
  2 jellies (D:2)
  2 orc priests
  2 orc wizards (D:4)
  Natasha (D:2)
  3 worker ants
  A worker ant zombie (D:5)
  7 gnolls
  8 adders
  An ooze (D:1)
  2 worms
  5 dart slugs
  3 leopard geckos
  9 orcs
  2 giant cockroaches (D:2)
  9 goblins
  14 hobgoblins
  2 iguanas
  15 kobolds
  3 ball pythons
  7 bats
  5 frilled lizards
  A jackal skeleton (D:4)
  A leopard gecko skeleton (D:4)
  10 rats
125 creatures vanquished.

Vanquished Creatures (others)
  A goblin (D:3)
  A jackal (D:3)
2 creatures vanquished.

Grand Total: 127 creatures vanquished

Notes
Turn   | Place    | Note
-------+----------+-------------------------------------------
     0 | D:1      | Rrauwl the Hill Orc Wanderer began the quest for the Orb.
     0 | D:1      | Rrauwl set off with: a +2 hand axe, a potion of curing, a scroll of teleportation, a +0 robe, a bread ration
     0 | D:1      | Reached XP level 1. HP: 18/18 MP: 1/1
    71 | D:1      | Reached XP level 2. HP: 17/25 MP: 2/2
   461 | D:1      | Reached XP level 3. HP: 24/30 MP: 3/3
   597 | D:1      | Reached skill level 1 in Dodging
  1181 | D:2      | Reached XP level 4. HP: 29/38 MP: 4/4
  1299 | D:2      | Reached skill level 5 in Axes
  1299 | D:2      | Reached XP level 5. HP: 6/46 MP: 5/5
  1564 | D:2      | Found a shimmering altar of Xom.
  1984 | D:2      | Noticed Natasha
  2008 | D:2      | Killed Natasha
  2292 | D:3      | Noticed Grinder
  2318 | D:3      | Killed Grinder
  2318 | D:3      | Reached skill level 5 in Fighting
  2318 | D:3      | Reached skill level 6 in Axes
  2318 | D:3      | Reached skill level 5 in Armour
  2318 | D:3      | Reached XP level 6. HP: 56/56 MP: 6/6
  2741 | D:3      | Reached XP level 7. HP: 57/61 MP: 7/7
  3318 | D:4      | Reached skill level 7 in Axes
  3665 | D:4      | Found a snail-covered altar of Cheibriados.
  3767 | D:4      | Found a hide-covered altar of Uskayaw.
  3779 | D:4      | Reached XP level 8. HP: 71/71 MP: 8/8
  3783 | D:4      | Found a burning altar of Makhleb.
  3896 | D:5      | Entered Level 5 of the Dungeon
  4039 | D:5      | Found a glowing golden altar of the Shining One.
  4133 | D:5      | Reached skill level 1 in Throwing
  4139 | D:5      | Gained mutation: You are resistant to hostile enchantments. (MR+) [mutagenic meat]
  4140 | D:5      | Gained mutation: You are frail. (-10% HP) [mutagenic meat]
  4141 | D:5      | Gained mutation: Your movements are slightly less encumbered by armour. (ER -2) [mutagenic meat]
  4142 | D:5      | Gained mutation: You expend magic power (3 MP) to strengthen your wands. [mutagenic meat]
  4183 | D:5      | Reached skill level 1 in Spellcasting
  4269 | D:5      | Found a blossoming altar of Fedhas.
  4493 | D:5      | Found a staircase to the Ecumenical Temple.
  4499 | Temple   | Entered the Ecumenical Temple
  4539 | Temple   | Became a worshipper of Vehumet
  4821 | D:6      | Reached skill level 8 in Axes
  4951 | D:6      | HP: 1/65 [orc warrior/battleaxe of venom (13)]
  4952 | D:6      | Slain by an orc warrior

Skill      XL: |  1  2  3  4  5  6  7  8 |
---------------+-------------------------+-----
Dodging        | 1 2 |  2.0
Fighting       | 3 5 6 7 |  7.0
Armour         | 4 5 6 |  6.5
Axes           | 5 6 7 8 |  8.3
Throwing       | 1 |  1.9
Spellcasting   | 1 |  1.0
Stealth        | |  1.0
Shields        | |  1.1

Action                   |  1- 3 |  4- 6 |  7- 9 || total
-------------------------+-------+-------+-------++-------
Melee: Hand axe          |   101 |   133 |   254 ||   488
Throw: Tomahawk          |       |       |     1 ||     1
  Use: Potion            |     2 |     6 |     5 ||    13
       Scroll            |     1 |     5 |     3 ||     9
 Stab: Sleeping          |     1 |       |       ||     1
  Eat: Chunk             |     1 |     5 |     8 ||    14
       Pizza             |       |       |     2 ||     2
       Beef jerky        |       |       |     2 ||     2
       Royal jelly       |       |       |     1 ||     1
Armor: Robe              |    16 |       |       ||    16
       Ring mail         |    20 |    42 |   111 ||   173
       Skin              |       |    13 |    62 ||    75
Dodge: Dodged            |    63 |    53 |   112 ||   228
